 Dungeon Crawl Stone Soup version 0.29.0-4-gdea44cf6ec (webtiles) character file.

Game seed: 16163856503357932081

198 qw the Chopper (level 5, -3/30 HPs)
             Began as a Tengu Warper on Aug 28, 2022.
             Killed from afar by Ijyb (8 damage)
             ... with a bolt of dispelling energy
             ... on level 3 of the Dungeon.
             The game lasted 00:00:13 (2070 turns).

qw the Chopper (Tengu Warper)                       Turns: 2070, Time: 00:00:14

Health: -3/30      AC:  7    Str: 17    XL:     5   Next: 76%
Magic:  9/9        EV: 12    Int: 12    God:
Gold:   156        SH:  0    Dex: 19    Spells: 8/8 levels left

rFire   . . .      SeeInvis +   Y - +3 hand axe
rCold   . . .      Faith    .   (no shield)
rNeg    . . .      Spirit   .   e - +0 scale mail
rPois   .          Reflect  .   (helmet restricted)
rElec   .          Harm     .   m - +0 cloak
rCorr   .          Rampage  .   (no gloves)
Will    +....      Clarity  +   (boots unavailable)
Stlth   ..........              (no amulet)
HPRegen 0.10/turn               k - ring of see invisible
MPRegen 0.11/turn               l - +6 ring of dexterity

@: flying quickly and evasively, quick
A: beak, talons 3, nimble flight, clarity, strong-willed 1, strong 1
a: no special abilities


You were on level 3 of the Dungeon.
You visited 1 branch of the dungeon, and saw 3 of its levels.

You collected 156 gold pieces.


Innate Abilities, Weirdness & Mutations

You have a beak for a mouth.
You have claws for feet.
Your magical nature lets you fly swiftly and evasively.
You possess an exceptional clarity of mind.
You are strong-willed. (Will+)
Your muscles are strong. (Str +4, Int/Dex -1)


   Skills:
 - Level 2.0 Fighting
 + Level 6.4 Axes
 - Level 1.0 Throwing
 - Level 1.1 Armour
 - Level 2.1 Dodging
 - Level 2.0 Spellcasting
 - Level 2.4 Translocations


You had 8 spell levels left.
You didn't know any spells.
Your spell library contained the following spells:

 Spells                   Type           Power      Damage    Failure   Level
 Blink                    Tloc           12%        N/A       50%         2
 Gell's Gravitas          Tloc           6%         N/A       73%         3
 Lesser Beckoning         Tloc           6%         N/A       73%         3
 Teleport Other           Tloc           6%         N/A       73%         3
 Manifold Assault         Tloc           6%         N/A       100%        5

Inventory:

Hand Weapons
 f - a +0 whip
 Y - a +3 hand axe (weapon)
Missiles
 p - 3 boomerangs (quivered)
Armour
 d - a +1 cloak
 e - a +0 scale mail (worn)
 m - a +0 cloak (worn)
Jewellery
 k - a ring of see invisible (left hand)
 l - a +6 ring of dexterity (right hand)
 n - a ring of ice
Scrolls
 a - a scroll of identify
 h - a scroll of fog {unknown}
Potions
 b - a potion of degeneration {unknown}
 c - a potion of heal wounds {unknown}
 g - 5 potions of curing
 i - a potion of cancellation {unknown}
 j - 3 potions of mutation

Dungeon Overview and Level Annotations

Branches:
Dungeon (3/15)

Altars:

Shops:
D:1 [*

Annotations:
D:3 Ijyb


Message History

Ijyb is nearby!
2056 ||| Stepping ~*~*~tactically~*~*~ (hiding).
2057 ||| Stepping ~*~*~tactically~*~*~ (hiding).
You hit Ijyb. You claw Ijyb.
Ijyb is lightly wounded.
Ijyb zaps a wand.
The bolt of dispelling energy hits you!
You closely miss Ijyb.
Ijyb is lightly wounded.
Ijyb hits you with a +0 dagger.
You hit Ijyb but do no damage. You claw Ijyb, but do no damage.
Ijyb is lightly wounded.
Ijyb zaps a wand.
The bolt of dispelling energy misses you.
You barely miss Ijyb. You claw Ijyb.
Ijyb is moderately wounded.
Ijyb closely misses you.
You closely miss Ijyb. You peck Ijyb, but do no damage.
Ijyb is moderately wounded.
Ijyb screams, "Me stronger than you!"
Ijyb zaps a wand.
The bolt of dispelling energy misses you.
You hit Ijyb.
Ijyb is heavily wounded.
Ijyb hits you with a +0 dagger.
You barely miss Ijyb. You claw Ijyb.
Ijyb is heavily wounded.
Ijyb hits you with a +0 dagger.
You barely miss Ijyb. You claw Ijyb.
Ijyb is severely wounded.
Ijyb hits you but does no damage.
You barely miss Ijyb. Your kick misses Ijyb. Your peck misses Ijyb.
Ijyb is severely wounded.
Ijyb hits you with a +0 dagger.
You completely miss Ijyb. Your peck misses Ijyb.
Ijyb is severely wounded.
Ijyb closely misses you.
You barely miss Ijyb.
Ijyb is severely wounded.
Ijyb zaps a wand.
The bolt of dispelling energy hits you!
You die...

.##.........##.#.......#..
............##.#.......#..
.......................#..
.......................#..
.##....................###
....$..........#.......###
....g........#####........
......###g##..............
..g.. #@####.####.......
.... #.# #.# #....... ...
#.#########....... ..
#.##..........#### .
#.##.##########
#.##.#......#
#.##....###.# #.####..#
#.# #....#..# #.#


You could see Ijyb.

Vanquished Creatures
  An ogre (D:3)
  Robin (D:2)
  2 adders
  A gnoll (D:1)
  5 dart slugs (D:1)
  An orc (D:3)
  5 endoplasms
  A giant cockroach (D:1)
  18 goblins
  4 hobgoblins (D:2)
  5 jackals
  A kobold (D:3)
  3 ball pythons
  5 bats
  4 frilled lizards
  2 rats
59 creatures vanquished.

Notes
Turn   | Place    | Note
-------+----------+-------------------------------------------
     0 | D:1      | qw the Tengu Warper began the quest for the Orb.
     0 | D:1      | Reached XP level 1. HP: 12/12 MP: 4/4
     0 | D:1      | 0 ||| qw: Version: 0.1-a-89-g26bdef1
     0 | D:1      | 0 ||| qw: Game counter: 2912
     0 | D:1      | 0 ||| qw: Always use a shield: true
     0 | D:1      | 0 ||| qw: God list: Okawaru
     0 | D:1      | 0 ||| qw: Allow faded altars: false
     0 | D:1      | 0 ||| qw: Do Orc after D:15 true
     0 | D:1      | 0 ||| qw: Do second Lair branch before Depths: true
     0 | D:1      | 0 ||| qw: Lair rune preference: random
     0 | D:1      | 0 ||| qw: Plans: Normal
     0 | D:1      | 0 ||| PLANNING D:1-11
    30 | D:1      | Found Baomaho's Antique Armour Shoppe.
    39 | D:1      | Found Ylaphoc's General Store.
    42 | D:1      | 42 ||| SHOPLISTING glowing plate armour (676 gold, have 0).
    42 | D:1      | 42 ||| SHOPLISTING polished leather armour (182 gold, have
                  | 0).
    42 | D:1      | 42 ||| SHOPLISTING runed leather armour (130 gold, have 0).
    42 | D:1      | 42 ||| SHOPLISTING runed ring mail (182 gold, have 0).
    42 | D:1      | 42 ||| SHOPLISTING scale mail (104 gold, have 0).
    42 | D:1      | 42 ||| SHOPLISTING shiny buckler (195 gold, have 0).
    42 | D:1      | 42 ||| SHOPLISTING shiny chain mail (195 gold, have 0).
    47 | D:1      | 47 ||| SHOPLISTING +0 leather armour of poison resistance
                  | (72 gold, have 0).
    47 | D:1      | 47 ||| SHOPLISTING potion of heal wounds (60 gold, have 0).
    47 | D:1      | 47 ||| SHOPLISTING scroll of enchant weapon (90 gold, have
                  | 0).
   284 | D:1      | Reached skill level 3 in Axes
   284 | D:1      | Reached XP level 2. HP: 16/17 MP: 6/6
   403 | D:1      | 403 ||| Stepping ~*~*~tactically~*~*~ (hiding).
   510 | D:1      | 510 ||| Stepping ~*~*~tactically~*~*~ (stealth).
   520 | D:1      | Reached XP level 3. HP: 12/21 MP: 7/7
   725 | D:1      | Reached skill level 4 in Axes
   988 | D:1      | 988 ||| UPGRADING to +0 ring mail.
   998 | D:1      | 998 ||| DROPPING +0 leather armour.
   999 | D:1      | 999 ||| UPGRADING to +0 cloak.
  1004 | D:1      | 1004 ||| UPGRADING to ring of see invisible.
  1005 | D:1      | 1005 ||| UPGRADING to +6 ring of dexterity.
  1006 | D:1      | 1006 ||| READING 3 scrolls labelled BEEQUOZXEGH.
  1007 | D:1      | 1007 ||| READING 2 scrolls of enchant weapon.
  1007 | D:1      | 1007 ||| ENCHANTING +1 hand axe.
  1008 | D:1      | 1008 ||| READING scroll of enchant weapon.
  1008 | D:1      | 1008 ||| ENCHANTING +2 hand axe.
  1009 | D:1      | 1009 ||| READING scroll labelled DAZXAETROPTE.
  1013 | D:1      | 1013 ||| READING 2 scrolls labelled KUOCAE FUWNAO.
  1014 | D:1      | 1014 ||| DRINKING 2 purple potions.
  1014 | D:1      | Gained mutation: You are strong-willed. (Will+) [potion of
                  | mutation]
  1014 | D:1      | Gained mutation: Your muscles are strong. (Str +4, Int/Dex
                  | -1) [potion of mutation]
  1014 | D:1      | Gained mutation: You possess an exceptional clarity of
                  | mind. [potion of mutation]
  1015 | D:1      | 1015 ||| DROPPING scroll of blinking.
  1016 | D:1      | 1016 ||| DROPPING scroll of immolation.
  1099 | D:2      | 1099 ||| DROPPING +0 club.
  1280 | D:2      | Reached XP level 4. HP: 26/26 MP: 8/8
  1403 | D:2      | Found a faded altar of an unknown god.
  1489 | D:2      | Noticed Robin
  1494 | D:2      | Killed Robin
  1497 | D:2      | Reached skill level 5 in Axes
  1598 | D:2      | 1598 ||| Stepping ~*~*~tactically~*~*~ (stealth).
  1621 | D:2      | 1621 ||| UPGRADING to +0 scale mail.
  1631 | D:2      | 1631 ||| DROPPING +0 ring mail.
  1632 | D:2      | 1632 ||| READING 2 scrolls labelled MAUPRU ICIB.
  1633 | D:2      | 1633 ||| READING 2 scrolls labelled ZETEPL WURUINI.
  1634 | D:2      | 1634 ||| READING scroll labelled KILUL MADAOBBU.
  1635 | D:2      | 1635 ||| DRINKING 6 coppery potions.
  1636 | D:2      | 1636 ||| DRINKING 2 bubbling green potions.
  1637 | D:2      | 1637 ||| DROPPING scroll of magic mapping.
  1638 | D:2      | 1638 ||| DROPPING potion of flight.
  1689 | D:3      | 1689 ||| Stepping ~*~*~tactically~*~*~ (stealth).
  1695 | D:3      | 1695 ||| Stepping ~*~*~tactically~*~*~ (stealth).
  1824 | D:3      | Noticed an ogre
  1833 | D:3      | Killed an ogre
  1834 | D:3      | Reached skill level 6 in Axes
  1834 | D:3      | Gained mutation: Your magical nature lets you fly swiftly
                  | and evasively. [Tengu growth]
  1834 | D:3      | Reached XP level 5. HP: 19/30 MP: 9/9
  2049 | D:3      | Noticed Ijyb
  2050 | D:3      | 2050 ||| Stepping ~*~*~tactically~*~*~ (hiding).
  2051 | D:3      | 2051 ||| Stepping ~*~*~tactically~*~*~ (hiding).
  2052 | D:3      | 2052 ||| Stepping ~*~*~tactically~*~*~ (hiding).
  2054 | D:3      | 2054 ||| Stepping ~*~*~tactically~*~*~ (hiding).
  2056 | D:3      | 2056 ||| Stepping ~*~*~tactically~*~*~ (hiding).
  2057 | D:3      | 2057 ||| Stepping ~*~*~tactically~*~*~ (hiding).
  2066 | D:3      | HP: 5/30 [Ijyb/+0 dagger (5)]
  2070 | D:3      | Killed from afar by Ijyb

Levels and vault maps discovered:
D:1:      sevenhm_arrival_forest_fort_small_4, layout_loops_ring, serial_shops,
          shop_fountains, nicolae_shop_stone, st_stairs_3
D:2:      minmay_spotlight, layout_rooms, ebering_ecumenical_altar_abandoned,
          minmay_heptomino_l4, uniq_robin
D:3:      layout_basic, uniq_ijyb

Skill      XL: |  1  2  3  4 |
---------------+-------------+-----
Axes           | 3 4 6 |  6.4
Fighting       | |  2.0
Throwing       | |  1.0
Armour         | |  1.1
Dodging        | |  2.1
Spellcasting   | |  2.0
Translocations | |  2.4

Action                   |  1- 3 |  4- 6 || total
-------------------------+-------+-------++-------
Melee: Hand axe          |    54 |    52 ||   106
       Kick              |    14 |    11 ||    25
       Peck              |     7 |     9 ||    16
       Punch             |       |     1 ||     1
Throw: Boomerang         |     7 |    19 ||    26
  Use: Scroll            |     5 |     3 ||     8
       Potion            |     1 |     2 ||     3
Armor: Leather armour    |     6 |       ||     6
       Ring mail         |     1 |     5 ||     6
       Scale mail        |       |     8 ||     8
Dodge: Dodged            |    16 |    18 ||    34

Table legend:
 A = Non-vault XP
 B = Vault XP
 C = Vault XP percentage of total XP
 D = Non-vault monster count
 E = Vault monster count
 F = Vault count percentage of total count
                 A         B        C        D         E       F
            +---------+---------+-------+---------+---------+-------
      Total |     219 |      64 |  22.6 |      37 |      22 |  37.3
            +---------+---------+-------+---------+---------+-------
        D:1 |      30 |      18 |  37.5 |      12 |       3 |  20.0
        D:2 |      36 |      46 |  56.1 |      15 |      19 |  55.9
        D:3 |     153 |       0 |   0.0 |      10 |       0 |   0.0
            +---------+---------+-------+---------+---------+-------
